 Dungeon Crawl Stone Soup version 0.29.1-15-g9cfb28693d (webtiles) character file.

Game seed: 16259275137893396905

33 growler the Gusty (level 3, 0/28 HPs)
             Began as a Tengu Air Elementalist on Mar 16, 2023.
             Slain by an orc wizard
             ... wielding a +0 dagger
              (1 damage)
             ... on level 4 of the Dungeon.
             The game lasted 00:04:47 (1609 turns).

growler the Gusty (Tengu Air Elementalist)          Turns: 1609, Time: 00:04:47

Health: 0/28       AC: 21    Str:  8    XL:     3   Next: 29%
Magic:  7/7        EV:  2    Int: 17    God:
Gold:   50         SH:  0    Dex: 14    Spells: 1/7 levels left

rFire   . . .      SeeInvis .   e - +0 rapier
rCold   . . .      Faith    .   (no shield)
rNeg    . . .      Spirit   .   (body armour currently unavailable)
rPois   +          Reflect  .   (helmet currently unavailable)
rElec   .          Harm     .   (cloak currently unavailable)
rCorr   .          Rampage  .   (gloves currently unavailable)
Will    .....      NoTele   +   (boots unavailable)
Stlth   +.........              (no amulet)
HPRegen 0.09/turn               (no ring)
MPRegen 0.10/turn               (no ring)

@: confused, mighty, tree-form (expiring)
A: stationary, stasis, torment immunity, boosted hp, (beak), (talons 3)
a: no special abilities


You were on level 4 of the Dungeon.
You were a tree.
You visited 1 branch of the dungeon, and saw 3 of its levels.

You collected 50 gold pieces.

Inventory:

Hand Weapons
 e - a +0 rapier (weapon)
Armour
 a - a +0 robe (melded)
Jewellery
 f - a ring of poison resistance
Scrolls
 c - 2 scrolls of teleportation {unknown}
 d - a scroll of blinking {unknown}
 i - a scroll of magic mapping {unknown}
Potions
 b - 2 potions of magic


   Skills:
 - Level 2.1 Dodging
 - Level 2.0 Stealth
 + Level 2.5 Spellcasting
 + Level 2.5 Conjurations
 + Level 4.6 Air Magic


You had one spell level left.
You knew the following spells:

 Your Spells              Type           Power      Damage    Failure   Level
a - Shock                 Conj/Air       56%        1d6       4%          1
b - Static Discharge      Conj/Air       14%        3-5/arc   6%          2
c - Swiftness             Air            18%        N/A       9%          3

Your spell library contained the following spells:

 Spells                   Type           Power      Damage    Failure   Level
 Airstrike                Air            9%         2d(2-18)  26%         4


Dungeon Overview and Level Annotations

Branches:
Dungeon (2/15)             Temple (0/1) D:4

Altars:


Innate Abilities, Weirdness & Mutations

You are a tree.
Your roots penetrate the ground, keeping you stationary.
You cannot be teleported.
You are immune to unholy pain and torment.
Your maximum health is greatly increased.
Your equipment is partially melded.
((You have a beak for a mouth.))
((You have claws for feet.))


Message History

The zap misses the orc.
You hear some strange, mumbled words.
You are confused.
It was a potion of lignification.
You turn into a tree.
Your +0 robe melds into your body.
Your roots penetrate the ground.
You hear some strange, mumbled words.
You are more confused.
Magic courses through your body.
You cannot move. (Use ctrl+direction or * direction to attack while stationary and confused.)
You cannot move. (Use ctrl+direction or * direction to attack while stationary and confused.)
You cannot move. (Use ctrl+direction or * direction to attack while stationary and confused.)
You swing at nothing.
You closely miss the orc.
The orc is moderately wounded.
The orc hits you but does no damage.
You closely miss the orc.
The orc is moderately wounded.
The orc hits you with a +0 whip.
* * * LOW HITPOINT WARNING * * *
Unknown command.
It was a potion of might.
You feel very mighty all of a sudden.
You hear some strange, mumbled words.
Something tries to affect you, but you resist.
You attack the rock wall.
The orc hits you but does no damage.
You hear some strange, mumbled words.
You are more confused.
The orc completely misses you.
You hit the orc.
You kill the orc!
Your transformation is almost over.
You hear some strange, mumbled words.
A magic dart appears from out of thin air!
The magic dart hits you but does no damage.
You attack the rock wall.
Something hits you but does no damage.
You attack the rock wall.
Something hits you but does no damage.
You attack the rock wall.
Something hits you but does no damage.
You closely miss something. Something hits you but does no damage.
Something hits you.
You die...

#..oS....
#....8⌠..
........#
......†.# #)#
#o# #g#
########{#
.......)♣#
########.#
#######.########
.....).........#
#######.######.#
#.# #.# #.# #+#


You could see an orc and a goblin.

Vanquished Creatures
  4 orcs (D:4)
  An endoplasm (D:1)
  A giant cockroach (D:1)
  2 goblins (D:1)
  A hobgoblin (D:1)
  7 jackals (D:1)
  2 kobolds
  3 ball pythons
  2 bats (D:1)
  A frilled lizard (D:1)
  A rat (D:1)
25 creatures vanquished.

Notes
Turn   | Place    | Note
-------+----------+-------------------------------------------
     0 | D:1      | growler the Tengu Air Elementalist began the quest for the
                  | Orb.
     0 | D:1      | Reached XP level 1. HP: 10/10 MP: 4/4
   158 | D:1      | Found a faded altar of an unknown god.
   491 | D:1      | Reached XP level 2. HP: 11/15 MP: 1/6
  1017 | D:1      | Learned a level 2 spell: Static Discharge
  1284 | D:1      | Reached XP level 3. HP: 19/19 MP: 3/7
  1504 | D:1      | Learned a level 3 spell: Swiftness
  1574 | D:2      | You fall into a shaft and drop 2 floors!
  1583 | D:4      | Found a staircase to the Ecumenical Temple.
  1602 | D:4      | HP: 1/28 [orc/+0 whip (4)]
  1609 | D:4      | Slain by an orc wizard

Illustrated notes

Levels and vault maps discovered:
D:1:      dpeg_arrival_rhombi, layout_basic, ebering_ecumenical_altar_box
D:2:      layout_loops_corners, uniq_jessica
D:4:      layout_basic, old_standard_altar, nicolae_ru_awakened_eye,
          minmay_temple_entry_drinking_statues, uniq_eustachio

Skill      XL: |  1  2 |
---------------+-------+-----
Conjurations   | 2 |  2.5
Dodging        | |  2.1
Stealth        | |  2.0
Spellcasting   | |  2.5
Air Magic      | |  4.6

Action                   || total
-------------------------++-------
Melee: Unarmed           ||    15
       Kick              ||     3
       Peck              ||     1
       Rapier            ||     5
 Cast: Shock             ||    52
       Static Discharge  ||     1
  Use: Potion            ||     3
Armor: Robe              ||     3
       Skin              ||     7
Dodge: Dodged            ||    28
